 Dungeon Crawl Stone Soup version 0.29-a0-666-g26d293caef (webtiles) character file.

Game seed: 15448911616572727825

4650 PentaManta the Marksspriggan (level 10, -9/46 HPs)
             Began as a Spriggan Hunter on June 23, 2022.
             Was an Initiate of Gozag.
             Shot with an arrow by a centaur warrior (16 damage)
             ... on level 9 of the Dungeon.
             The game lasted 00:17:18 (10647 turns).

PentaManta the Marksspriggan (Spriggan Hunter)     Turns: 10647, Time: 00:17:19

Health: -9/46      AC:  7    Str:  7    XL:     10   Next: 20%
Magic:  11/11      EV: 31    Int: 11    God:    Gozag
Gold:   642        SH:  0    Dex: 23    Spells: 9/9 levels left

rFire   . . .      SeeInvis +   a - +6 shortbow
rCold   . . .      Faith    .   (shield currently unavailable)
rNeg    . . .      Spirit   .   I - +0 steam dragon scales
rPois   .          Reflect  .   (helmet restricted)
rElec   .          Harm     .   d - +1 cloak
rCorr   .          Rampage  .   (gloves unavailable)
Will    ++...                   (boots unavailable)
Stlth   ++........              (no amulet)
HPRegen 0.15/turn               x - ring of willpower
MPRegen 0.12/turn               D - +4 ring of evasion

@: very quick
A: very small, no large weapons, unfitting armour, see invisible, speed 3
a: Renounce Religion, Potion Petition, Call Merchant, Bribe Branch


You were on level 9 of the Dungeon.
You worshipped Gozag.
Gozag was pleased with you.
You visited 2 branches of the dungeon, and saw 10 of its levels.
You also visited: Ossuary.

You collected 1094 gold pieces.
You spent 376 gold pieces at shops.
You paid 76 gold pieces to Gozag.

Inventory:

Hand Weapons
 a - a +6 shortbow (weapon)
 y - a +2 trident of venom
 B - the +9 dagger of Midwinter {elec, Fly rElec rCorr Int-4}
   (You found it on level 8 of the Dungeon)

   It occasionally discharges a powerful burst of electricity upon striking a
   foe.
   Int:       It affects your intelligence (-4).
   rElec:     It insulates you from electricity.
   Fly:       It grants you flight.
   rCorr:     It protects you from acid and corrosion.
 E - the +4 hand axe of the Crawling Thing {freeze, rC+ Will+ rCorr Str+2}
   (You found it on level 8 of the Dungeon)

   It freezes those it strikes, dealing additional cold damage.
   It can also slow down cold-blooded creatures.
   Str:       It affects your strength (+2).
   rC:        It protects you from cold.
   rCorr:     It protects you from acid and corrosion.
   Will:      It increases your willpower.
Missiles
 g - 2 throwing nets
 m - 3 curare-tipped darts
 q - 6 poisoned darts
Armour
 d - a +1 cloak (worn)
 u - the +1 robe of Beyond {Will+}
   (You found it on level 4 of the Dungeon)

   Will:      It increases your willpower.
 F - the +0 cloak of Gestures {Will+ rCorr}
   (You bought it in a shop on level 2 of the Dungeon)

   rCorr:     It protects you from acid and corrosion.
   Will:      It increases your willpower.
 G - a +2 robe of cold resistance
 I - +0 steam dragon scales (worn)
Jewellery
 x - a ring of willpower (left hand)
 D - a +4 ring of evasion (right hand)
Wands
 e - a wand of mindburst (7)
 o - a wand of digging (8)
 s - a wand of iceblast (16)
 v - a wand of paralysis (13)
 w - a wand of flame (19)
Scrolls
 c - 3 scrolls of immolation
 j - 3 scrolls of enchant armour
 k - a scroll of magic mapping
 l - 8 scrolls of teleportation
 t - 4 scrolls of amnesia
Potions
 b - 2 potions of berserk rage
 f - 5 potions of haste
 h - 5 potions of brilliance
 i - 12 potions of curing
 n - 2 potions of resistance
 p - 3 potions of invisibility
 r - 2 potions of lignification
 A - a potion of might
 C - a potion of ambrosia {unknown}
 H - a potion of flight {unknown}
 K - a potion of heal wounds
Miscellaneous
 z - a piece from Xom's chessboard (14/15)
 J - a box of beasts (inert)


   Skills:
 - Level 1.5 Fighting
 * Level 15.8 Bows
 + Level 10.2 Dodging
 - Level 1.5 Stealth


You had 9 spell levels left.
You didn't know any spells.
Your spell library contained the following spells:

 Spells                   Type           Power      Damage    Failure   Level
 Apportation              Tloc           0%         N/A       34%         1
 Magic Dart               Conj           0%         1d3       34%         1
 Necrotize                Necr           0%         1d4       34%         1
 Summon Small Mammal      Summ           0%         N/A       34%         1
 Call Imp                 Summ           0%         N/A       47%         2
 Sublimation of Blood     Necr           0%         N/A       47%         2
 Wereblood                Tmut           0%         N/A       47%         2
 Dazzling Flash           Conj/Hex       0%         N/A       71%         3
 Gell's Gravitas          Tloc           0%         N/A       71%         3
 Lesser Beckoning         Tloc           0%         N/A       71%         3
 Mephitic Cloud           Conj/Pois/Air  0%         N/A       71%         3
 Ozocubu's Armour         Ice            0%         N/A       71%         3
 Teleport Other           Tloc           0%         N/A       71%         3
 Metabolic Englaciation   Hex/Ice        0%         N/A       100%        5
 Silence                  Hex/Air        0%         N/A       100%        5
 Summon Forest            Summ/Tloc      0%         N/A       100%        5
 Dispersal                Tloc           0%         N/A       100%        6
 Eringya's Noxious Bog    Tmut/Pois      0%         N/A       100%        6
 Orb of Destruction       Conj           0%         9d5       100%        7
 Summon Hydra             Summ           0%         N/A       100%        7
 Chain Lightning          Conj/Air       0%         N/A       100%        9
 Polar Vortex             Ice            0%         N/A       100%        9
 Simulacrum               Ice/Necr       Unusable   N/A       N/A         6

Dungeon Overview and Level Annotations

Branches:
Dungeon (9/15)             Temple (1/1) D:5         Ossuary (visited)
   Lair: D:8-11         Orc: D:9-12

Altars:
Ashenzari
Cheibriados
Dithmenos
Elyvilon
Fedhas
Gozag
Hepliaklqana
Kikubaaqudgha
Makhleb
Nemelex Xobeh
Okawaru
Qazlal
Ru
Sif Muna
Trog
Uskayaw
Vehumet
Wu Jian
Xom
Yredelemnul
Zin
The Shining One

Shops:
D:2 ([(

Annotations:
D:9 3 runed translucent doors, Hopman's ghost, novice HOFi


Innate Abilities, Weirdness & Mutations

You are very small and have problems with some larger weapons.
You are too small for most types of armour.
You have supernaturally acute eyesight. (SInv)
You cover ground extremely quickly. (Speed+++)


Message History

A centaur warrior is nearby!
You shoot an arrow.
The arrow closely misses the centaur warrior.
The centaur warrior shouts!
The centaur warrior is distracted by your dazzling golden aura.
You shoot an arrow.
The arrow barely misses the centaur warrior.
The centaur warrior shouts!
You shoot an arrow.
The arrow closely misses the centaur warrior.
You shoot an arrow. The arrow hits the centaur warrior!
The centaur warrior is no longer distracted by gold.
The centaur warrior is lightly wounded.
The centaur warrior wields a +0 longbow.
The centaur warrior shoots an arrow.
The arrow barely misses you.
You shoot an arrow.
The arrow barely misses the centaur warrior.
The centaur warrior shoots an arrow.
The arrow hits you!!
You are too injured to fight recklessly!
You are too injured to fight recklessly!
Aiming: Paralyse
Press: ? - help, Shift-Dir - straight line, f/p - centaur warrior
Aim: a centaur warrior, wielding a +0 longbow (lightly wounded, chance to affect: 31%)
The centaur warrior easily resists.
The centaur warrior shoots an arrow.
The arrow completely misses you.
You open the lid... ...and a larval fireox beast leaps out!
The box is emptied!
The centaur warrior shoots an arrow.
The arrow completely misses you.
The centaur warrior shoots an arrow.
The arrow completely misses you.
The centaur warrior shoots an arrow.
The arrow hits your larval fireox beast!
You make a move on Xom's chessboard...
The centaur warrior easily resists.
The centaur warrior shoots an arrow.
The arrow hits your larval fireox beast!!
Your larval fireox beast dies!
Your larval fireox beast's corpse disappears in a puff of smoke!
The centaur warrior shoots an arrow.
The arrow hits you!
* * * LOW HITPOINT WARNING * * *
The centaur warrior shoots an arrow.
The arrow hits you!
You die...
Your body crumbles into a pile of gold.

##..................<.........#
......................####....##
...#.................## ##....##
..##...........###...## ##......
.###.)..)#....## #....####.......
#####).).....## #..........##...
..##.........#####...(....#####..
........................### #..
##........###..<@......## #..
###....### #####...#..## ...
#.....# #...#...# #... .......#
##..#...## ....
#..#......######..##...###.....
..##....................... ..##
#..##...........#####.. #.
###........c# #..#####........#


You could see a centaur warrior.

Vanquished Creatures
  Joseph (D:8)
  Maggie (D:9)
  A hornet (D:9)
  2 wyverns (D:8)
  A steam dragon (D:7)
  An acid dragon (D:9)
  A water moccasin (D:8)
  Duvessa (D:6)
  3 sky beasts
  An ice beast (D:5)
  3 orc warriors
  An ogre (D:5)
  A centaur (D:6)
  2 phantoms
  2 kobold brigands
  An elf zombie (Ossuary)
  3 bullfrogs
  2 gnoll sergeants
  A necrophage (D:6)
  A scorpion (D:3)
  Dowan (D:6)
  5 wights (D:7)
  3 killer bees (D:8)
  5 howler monkeys
  4 orc priests
  A jelly (D:4)
  2 human zombies (Ossuary)
  2 hounds
  An iguana (D:4)
  9 orc wizards
  3 mummies
  11 gnolls
  6 adders
  A shadow imp (D:6)
  2 white imps
  2 adder zombies (Ossuary)
  2 worms (D:2)
  23 orcs
  2 ball pythons
  5 endoplasms
  3 giant cockroaches
  3 goblins
  8 hobgoblins
  3 quokkas (D:3)
  3 bats
  6 frilled lizards
  3 goblin zombies (Ossuary)
  9 hobgoblin zombies (Ossuary)
  A jackal zombie (Ossuary)
  20 kobolds
  9 kobold zombies (Ossuary)
  8 orc zombies (Ossuary)
  7 rats
  2 rat zombies (Ossuary)
205 creatures vanquished.

Notes
Turn   | Place    | Note
-------+----------+-------------------------------------------
     0 | D:1      | PentaManta the Spriggan Hunter began the quest for the Orb.
     0 | D:1      | Reached XP level 1. HP: 10/10 MP: 2/2
    86 | D:1      | Reached skill level 5 in Bows
   281 | D:1      | Reached XP level 2. HP: 14/14 MP: 3/3
   821 | D:2      | Found Fyden's Antique Armour Boutique.
   821 | D:2      | Found Teiffoth's Weapon Shop.
   829 | D:2      | Reached skill level 6 in Bows
   829 | D:2      | Reached XP level 3. HP: 18/18 MP: 4/4
   904 | D:2      | Found a snail-covered altar of Cheibriados.
   998 | D:2      | Reached XP level 4. HP: 22/22 MP: 5/5
  1028 | D:2      | Reached skill level 7 in Bows
  1129 | D:2      | Found Pepon's Weapon Boutique.
  1858 | D:3      | Found a bloodstained altar of Trog.
  1988 | D:3      | Found a large runed translucent door.
  1988 | D:3      | Found a large runed translucent door.
  2072 | D:3      | Found a shimmering altar of Xom.
  2150 | D:3      | Noticed a scorpion
  2152 | D:3      | Killed a scorpion
  2153 | D:3      | Reached XP level 5. HP: 25/25 MP: 6/6
  2315 | D:3      | Reached skill level 8 in Bows
  2793 | D:3      | Got the Papyrus of Frigorific Flight
  2897 | D:4      | Found the +1 Delatra's gloves {ID++}
  3096 | D:4      | Identified the +1 robe of Beyond {Will+}
  3123 | D:4      | Reached XP level 6. HP: 22/30 MP: 7/7
  3463 | D:4      | Found a glowing silver altar of Zin.
  3567 | D:5      | Entered Level 5 of the Dungeon
  3710 | D:5      | Reached skill level 9 in Bows
  3763 | D:5      | Found a sand-covered staircase.
  3767 | Ossuary  | Entered an ossuary
  3954 | Ossuary  | Reached skill level 10 in Bows
  3962 | Ossuary  | Reached XP level 7. HP: 11/33 MP: 8/8
  4360 | D:5      | Noticed an air elemental
  4365 | D:5      | Found a stormy altar of Qazlal.
  4368 | D:5      | Noticed a water elemental
  4368 | D:5      | Noticed a fire elemental
  4624 | D:5      | Found a staircase to the Ecumenical Temple.
  4667 | D:5      | Found a shimmering blue altar of Sif Muna.
  4670 | D:5      | Found a sacrificial altar of Ru.
  4671 | D:5      | Found a hide-covered altar of Uskayaw.
  4672 | D:5      | Found a blossoming altar of Fedhas.
  4675 | D:5      | Got the Collected Works on Combat Magic
  4678 | D:5      | Found a white marble altar of Elyvilon.
  4704 | Temple   | Entered the Ecumenical Temple
  4848 | Temple   | Became a worshipper of Gozag Ym Sagoz the Greedy
  5329 | D:6      | Noticed Duvessa
  5337 | D:6      | Killed Duvessa
  5338 | D:6      | Noticed Dowan
  5344 | D:6      | Killed Dowan
  5345 | D:6      | Reached skill level 11 in Bows
  5568 | D:6      | Reached XP level 8. HP: 37/37 MP: 9/9
  5618 | D:6      | Reached skill level 5 in Dodging
  6021 | D:6      | Reached skill level 12 in Bows
  6953 | D:7      | Reached skill level 13 in Bows
  7243 | D:7      | Reached XP level 9. HP: 40/41 MP: 10/10
  7874 | D:8      | Identified the +4 hand axe of the Crawling Thing {freeze,
                  | rC+ Will+ rCorr Str+2}
  8113 | D:2      | Bought a brightly glowing cloak for 247 gold pieces
  8113 | D:2      | Identified the +0 cloak of Gestures {Will+ rCorr} (You
                  | bought it in a shop on level 2 of the Dungeon)
  8113 | D:2      | Bought a runed robe for 96 gold pieces
  8131 | D:2      | Bought a throwing net for 33 gold pieces
  8331 | D:8      | Noticed Joseph
  8687 | D:8      | Killed Joseph
  8688 | D:8      | Reached skill level 14 in Bows
  9095 | D:8      | Identified the +9 dagger of Midwinter {elec, Fly rElec
                  | rCorr Int-4}
  9501 | D:8      | Reached skill level 15 in Bows
 10158 | D:9      | Found a runed translucent gate.
 10158 | D:9      | Found a runed translucent gate.
 10158 | D:9      | Found a runed translucent gate.
 10159 | D:9      | Noticed Hopman's ghost (novice HOFi)
 10170 | D:9      | Noticed a centaur warrior
 10185 | D:9      | Reached XP level 10. HP: 46/46 MP: 11/11
 10416 | D:9      | Noticed Maggie
 10466 | D:9      | Killed Maggie
 10467 | D:9      | Reached skill level 10 in Dodging
 10574 | D:9      | Found a snail-covered altar of Cheibriados.
 10613 | D:9      | Noticed a centaur warrior
 10647 | D:9      | Shot with an arrow by a centaur warrior

Illustrated notes

Levels and vault maps discovered:
D:1:      wander_arrival_peaceful_grave, layout_basic, grunt_decor_cap
D:2:      layout_basic, serial_shops, shop_fountains, nicolae_shop_statue_plus,
          shop_statue, basic_altar
D:3:      due_chaos_kobolds, layout_basic, trog_three_pillars_becter
D:4:      layout_basic, mainiacjoe_overflow_alcove_4, lemuel_old_faithful
D:5:      layout_gridville, nicolae_qazlal_style_of_elements, minitemple,
          minmay_temple_entry_trees, nicolae_ossuary_entry_false_entrances,
          corexii_checkpoint_b
D:6:      layout_cave_pods, grunt_decor_resistance, chequers_decorated_corner,
          uniq_duvessa
D:7:      layout_loops_cross, hangedman_abyss_or_decor_lesser_grid
D:8:      layout_cave_pods, hellmonk_bongcloud_opening, uniq_joseph
D:9:      layout_layer_cave, slow_altar_1, gammafunk_ghost_split,
          minmay_misc_feat_encased, minivault_22, uniq_maggie
Temple:   dshaligram_water_room_temple

Skill      XL: |  1  2  3  4  5  6  7  8  9 10 |
---------------+-------------------------------+-----
Bows           | 5 6 7 8 10 11 13 15 | 15.8
Dodging        | 4 7 9 10 | 10.2
Fighting       | |  1.5
Stealth        | |  1.5

Action                   |  1- 3 |  4- 6 |  7- 9 | 10-12 || total
-------------------------+-------+-------+-------+-------++-------
 Fire: Shortbow          |    79 |   193 |   364 |    56 ||   692
Throw: Dart              |       |       |       |     3 ||     3
       Throwing net      |       |       |       |     2 ||     2
Evoke: Wand              |       |       |       |     1 ||     1
       Box of beasts     |       |       |       |     1 ||     1
       Piece from Xom's  |       |       |       |     1 ||     1
  Use: Scroll            |       |     4 |    19 |       ||    23
       Potion            |       |       |     4 |     1 ||     5
Armor: Robe              |     2 |     6 |     9 |       ||    17
Dodge: Dodged            |    28 |    46 |   110 |    11 ||   195

Table legend: (Time is in decaauts)
 A = Elapsed time spent in this place.
 B = Non-inter-level travel time spent in this place.
 C = Inter-level travel time spent in this place.
 D = Time resting spent in this place.
 E = Time spent auto-exploring this place.
 F = Levels seen in this place.
 G = Mean time per level.
                   A        B        C        D        E       F      G
               +--------+--------+--------+--------+--------+-----+--------+
         Total |   7779 |   7195 |    584 |   1025 |   4724 |  11 |  707.2 |
       Dungeon |   7271 |   6694 |    577 |    832 |   4652 |   9 |  807.9 |
        Temple |     95 |     88 |      7 |      0 |     60 |   1 |   95.0 |
       Ossuary |    412 |    412 |      0 |    193 |     12 |   1 |  412.0 |
               +--------+--------+--------+--------+--------+-----+--------+

Top non-repeatable levels by time:
     D:8: 1484 daAuts
     D:7: 1112 daAuts
     D:6: 950 daAuts
     D:3: 875 daAuts
     D:5: 699 daAuts
     D:2: 660 daAuts
     D:1: 552 daAuts
     D:4: 506 daAuts
     D:9: 430 daAuts
 Ossuary: 412 daAuts
  Temple: 95 daAuts
